 Dungeon Crawl Stone Soup version 0.17.1-3-g152610e (webtiles) character file.

1789 Enish the Martial Artist (level 8, -4/57 HPs)
             Began as a Vampire Monk on Mar 11, 2016.
             Was a Priest of Makhleb.
             Slain by a kobold
             ... wielding a +1 dagger of electrocution
              (19 damage)
             ... on level 7 of the Dungeon.
             The game lasted 00:15:17 (6105 turns).

Enish the Martial Artist (Vampire Monk)             Turns: 6105, Time: 00:15:17

Health: -4/57      AC:  7    Str: 10    XL:     8   Next: 82%
Magic:  10/10      EV: 15    Int: 13    God:    Makhleb [***...]
Gold:   202        SH:  0    Dex: 18    Spells: 0 memorised, 7 levels left

rFire  . . .     SeeInvis +       - Unarmed
rCold  . . .     Clarity  .     a - +0 robe
rNeg   + . .     SustAt   .     (no shield)
rPois  .         Gourm    .     j - +0 helmet
rElec  .         Spirit   .     r - +1 cloak
rCorr  .         Warding  .     h - +1 pair of gloves
rMut   .         Stasis   .     (no boots)
MR     .....                    (no amulet)
Stlth  +++.......               (no ring)
                                (no ring)

@: not resistant to hostile enchantments, fairly stealthy
A: fangs 3, see invisible, unbreathing
a: Bat Form, Minor Destruction, Lesser Servant of Makhleb, Renounce Religion


You were on level 7 of the Dungeon.
You worshipped Makhleb.
Makhleb was most pleased with you.
You were not thirsty.

You visited 1 branch of the dungeon, and saw 7 of its levels.

You collected 202 gold pieces.

Inventory:

Hand Weapons
 b - a +1 hunting sling
Missiles
 c - 97 arrows
 f - 203 stones (quivered)
 m - 5 tomahawks
 n - 47 sling bullets
Armour
 a - a +0 robe (worn)
 h - a +1 pair of gloves (worn)
 j - a +0 helmet (worn)
 r - a +1 cloak (worn)
Wands
 e - a wand of confusion (18)
 p - a wand of polymorph (23)
 q - a wand of polymorph (10)
 u - a wand of paralysis (15)
Scrolls
 d - 5 scrolls of remove curse
 i - 3 scrolls of teleportation
 v - a scroll of fear {unknown}
 w - 3 scrolls of identify
 x - a scroll of blinking
Potions
 g - a potion of haste
 k - 2 potions of lignification {unknown}
 l - a potion of resistance {unknown}
 o - a potion of agility {unknown}
 s - 2 potions of brilliance {unknown}
 t - a potion of magic {unknown}


   Skills:
 - Level 2.6 Fighting
 - Level 0.2 Slings
 - Level 4.4 Dodging
 - Level 3.0 Stealth
 * Level 11.9 Unarmed Combat
 - Level 3.1 Invocations


You had 7 spell levels left.
You didn't know any spells.

Dungeon Overview and Level Annotations

Branches:
Dungeon (7/15)
 Temple: D:4-7

Altars:
Cheibriados
Dithmenos
Fedhas
Makhleb
Qazlal
Sif Muna
Xom
Yredelemnul

Shops:
D:5 :

Annotations:
D:4 Clownie's ghost, amateur MfEn


Innate Abilities, Weirdness & Mutations

You have razor-sharp teeth.
You have supernaturally acute eyesight.
You can survive without breathing.


Message History

You are too injured to fight recklessly!
You are too injured to fight recklessly!
You punch the big kobold!
You kill the big kobold!
Makhleb accepts your kill.
You feel better. The wight hits you but does no damage.
You hit the kobold but do no damage. The kobold barely misses you.
You barely miss the kobold. Your bite misses the kobold.
The wight barely misses you. The kobold hits you but does no damage.
You hit the kobold.
You kill the kobold!
Makhleb accepts your kill.
You feel better.
The wight hits you from afar with a spear.
You closely miss the kobold. The wight closely misses you.
The kobold hits you but does no damage.
You are electrocuted!
* * * LOW HITPOINT WARNING * * *
You completely miss the kobold. The kobold hits you but does no damage.
You are electrocuted!
You die...

#.. ...# #### #.#####.##
..# #.##...... ###.##
#.##.##.## ### ....#
#.##.##.# .... #..#
#.##.##.# ....?
#..###.##)##.#
......####.........##.#
g....zK@)†..............
.....######.###..P8...##
### ...# #....8..# ##..#
##.8...## #.## #.....#
#. ###.... #. #...P#


You could see a wight, a gnoll (wandering) and a kobold.

Vanquished Creatures
  Eustachio (D:5)
  Menkaure (D:6)
  4 necrophages (D:7)
  An ogre (D:6)
  A phantom (D:7)
  A centaur (D:7)
  A big kobold (D:7)
  A giant frog (D:7)
  A water moccasin zombie (D:7)
  5 wights (D:7)
  2 scorpions
  A giant frog zombie (D:5)
  3 orc priests
  An iguana (D:5)
  Crazy Yiuf (D:2)
  2 worker ants
  An orc wizard (D:6)
  2 hound zombies
  A mummy (D:7)
  A shadow imp (D:5)
  4 adders
  An ooze (D:3)
  2 adder skeletons
  A worm (D:2)
  9 orcs
  13 hobgoblins
  2 jackals (D:2)
  7 kobolds
  3 quokkas
  6 bats
  6 giant cockroaches
  4 giant geckos
  A giant gecko skeleton (D:5)
  A giant gecko zombie (D:7)
  2 giant newts
  7 goblins
  5 rats
  A spectral orc (D:6)
  A fungus (D:2)
108 creatures vanquished.

Vanquished Creatures (others)
  3 plants (D:6)
3 creatures vanquished.

Grand Total: 111 creatures vanquished

Notes
Turn   | Place    | Note
--------------------------------------------------------------
     0 | D:1      | Enish the Vampire Monk began the quest for the Orb.
     0 | D:1      | Reached XP level 1. HP: 17/17 MP: 1/1
   370 | D:1      | Reached XP level 2. HP: 23/23 MP: 2/2
   406 | D:1      | Reached skill level 5 in Unarmed Combat
   870 | D:2      | Found a deep blue altar of Sif Muna.
  1034 | D:2      | Reached XP level 3. HP: 24/28 MP: 3/3
  1648 | D:2      | Found a burning altar of Makhleb.
  1657 | D:2      | Became a worshipper of Makhleb the Destroyer
  1657 | D:2      | Reached * piety under Makhleb
  1657 | D:2      | Reached ** piety under Makhleb
  1776 | D:2      | Noticed Crazy Yiuf
  1781 | D:2      | Killed Crazy Yiuf
  1781 | D:2      | Reached skill level 6 in Unarmed Combat
  1781 | D:2      | Reached XP level 4. HP: 34/34 MP: 4/4
  2625 | D:4      | Noticed Clownie's ghost (amateur MfEn)
  2634 | D:4      | Found a shimmering altar of Xom.
  2648 | D:4      | Found a stormy altar of Qazlal.
  2945 | D:5      | Entered Level 5 of the Dungeon
  3016 | D:5      | Reached skill level 7 in Unarmed Combat
  3016 | D:5      | Reached XP level 5. HP: 20/39 MP: 5/5
  3486 | D:5      | Found Koinn's Book Boutique.
  3589 | D:5      | Reached XP level 6. HP: 28/46 MP: 6/6
  3757 | D:5      | Reached skill level 8 in Unarmed Combat
  3775 | D:5      | Found a snail-covered altar of Cheibriados.
  4045 | D:5      | Reached skill level 1 in Invocations
  4153 | D:5      | Noticed Eustachio
  4167 | D:5      | Killed Eustachio
  4169 | D:5      | Reached *** piety under Makhleb
  4455 | D:6      | Noticed Menkaure
  4468 | D:6      | Killed Menkaure
  4468 | D:6      | Reached XP level 7. HP: 34/51 MP: 9/9
  4836 | D:6      | Reached skill level 9 in Unarmed Combat
  4998 | D:6      | Found a shadowy altar of Dithmenos.
  5033 | D:6      | Found a basalt altar of Yredelemnul.
  5069 | D:6      | Found a blossoming altar of Fedhas.
  5597 | D:7      | Reached XP level 8. HP: 46/57 MP: 10/10
  5654 | D:7      | Reached skill level 10 in Unarmed Combat
  6015 | D:7      | Reached skill level 11 in Unarmed Combat
  6105 | D:7      | Slain by a kobold

Action                   |  1- 3 |  4- 6 |  7- 9 || total
-------------------------+-------+-------+-------++-------
Melee: Unarmed           |   102 |   169 |   158 ||   429
 Fire: Hunting sling     |     7 |       |       ||     7
Invok: Minor Destruction |     1 |    14 |    11 ||    26
Evoke: Wand              |       |     1 |       ||     1
  Use: Scroll            |       |    10 |       ||    10
       Potion            |       |     2 |       ||     2
 Stab: Sleeping          |    15 |     7 |     3 ||    25
       Confused          |       |     1 |       ||     1
  Eat: Corpse            |    11 |     7 |     3 ||    21
